 Dungeon Sprint DCSS version 0.22.1-2-g9c5b331383 (webtiles) character file.

363 Groucho the Fighter (level 7, -9/64 HPs)
             Began as a Formicid Fighter on Dec 16, 2018.
             Was a Priest of Cheibriados.
             Mangled by a red ugly thing (18 damage)
             ... in the Dungeon (Sprint IX: "|||||||||||||||||||||||||||||").
             The game lasted 00:02:04 (706 turns).

Groucho the Fighter (Formicid Fighter)               Turns: 706, Time: 00:02:05

Health: -9/64      AC:  8    Str: 28    XL:     7   Next: 0%
Magic:  0/13       EV:  8    Int: 17    God:    Cheibriados [***...]
Gold:   0          SH: 12    Dex: 29    Spells: 6/6 levels left

rFire    . . .     SeeInvis +   q - +2 scimitar of the Many Places {slice, Dex+7}
rCold    . . .     Gourm    .   c - +0 shield
rNeg     . . .     Faith    .   r - +2 ring mail
rPois    .         Spirit   .   (helmet unavailable)
rElec    .         Reflect  .   (no cloak)
rCorr    .         Harm     .   a - +0 pair of gloves
MR       .....                  (no boots)
Stlth    ++........             (no amulet)
HPRegen  0.20/turn              s - +3 ring of dexterity
MPRegen  0.13/turn              b - +3 ring of intelligence

@: very slightly contaminated, invisible, very slow
A: permanent stasis, dig shafts and tunnels, four strong arms, antennae 3
a: Dig, Bend Time, Temporal Distortion, Renounce Religion


You were in the Dungeon.
You worshipped Cheibriados.
Cheibriados was most pleased with you.
You were not hungry.

You visited 1 branch

Inventory:

Hand Weapons
 p - a +2 morningstar of protection
 q - the +2 scimitar of the Many Places (weapon) {slice, Dex+7}
   (You found it in the Dungeon)

   It inflicts extra damage upon your enemies.
   It affects your dexterity (+7).
Armour
 a - a +0 pair of gloves (worn)
 c - a +0 shield (worn)
 r - a +2 ring mail (worn)
Jewellery
 b - a +3 ring of intelligence (right hand)
 s - a +3 ring of dexterity (left hand)
Wands
 o - a wand of iceblast (10)
Scrolls
 k - 2 scrolls of blinking
 m - 3 scrolls of remove curse
 n - 2 scrolls of amnesia
Potions
 d - a potion of might
 e - 5 potions of curing
 g - 3 potions of heal wounds
 h - a potion of haste
 i - 4 potions of magic
 j - a potion of berserk rage
Comestibles
 f - a ration


   Skills:
 + Level 9.5 Fighting
 + Level 8.4 Long Blades
 - Level 3.2 Armour
 - Level 3.6 Shields
 * Level 8.8 Invocations


You had 6 spell levels left.
You didn't know any spells.
Your spell library was empty.

Dungeon Overview and Level Annotations

Branches:
Dungeon (1/1)

Altars:
Cheibriados
Dithmenos
Elyvilon
Fedhas
Gozag
Hepliaklqana
Kikubaaqudgha
Makhleb
Nemelex Xobeh
Okawaru
Qazlal
Ru
Sif Muna
Trog
Uskayaw
Vehumet
Wu Jian
Xom
Yredelemnul
Zin
The Shining One
Beogh
Jiyva
Lugonu


Innate Abilities, Weirdness & Mutations

You cannot be hasted, slowed, berserked, paralysed or teleported.
You can dig through walls and to a lower floor.
Your four strong arms can wield two-handed weapons with a shield.
You have a pair of large antennae on your head. (SInv)


Message History

The red ugly thing closely misses you.
You closely miss the red ugly thing.
The red ugly thing is severely wounded.
The red ugly thing closely misses you. The eye of draining gazes at you.
You catch the helpless red ugly thing completely off-guard!
You hit the red ugly thing.
The red ugly thing is severely wounded.
The red ugly thing tail-slaps you but does no damage.
The red ugly thing tail-slaps you!
You are engulfed in flames!!
* * * LOW HITPOINT WARNING * * *
You hit the red ugly thing.
The red ugly thing is severely wounded.
The centaur warrior shouts!
The eye of draining gazes at you.
You feel your power leaking away. The red ugly thing tail-slaps you!
* * * LOW HITPOINT WARNING * * *
You are engulfed in flames!!
You die...

▓.▓
▓)▓
{
▓.▓
{
▓.▓
▓.▓
▓.▓
▓.▓
▓.▓
▓@▓
▓u▓
▓G▓
▓O▓
▓c▓
▓c▓
▓e▓
▓+▓


You could see a red ugly thing, 2 centaur warriors, a deep elf mage, an eye of
draining and an ogre.

Vanquished Creatures
  An orc warrior (D)
  A bullfrog (D)
  A killer bee (D)
  A scorpion (D)
  A crimson imp (D)
  An iguana (D)
  A worker ant (D)
  An adder (D)
  A shadow imp (D)
  An adder skeleton (D)
  A giant cockroach (D)
  A goblin (D)
  A hobgoblin (D)
  A kobold (D)
  A quokka zombie (D)
  A rat (D)
16 creatures vanquished.

Notes
Turn   | Place    | Note
-------+----------+-------------------------------------------
     0 | D        | Groucho the Formicid Fighter began the quest for the Orb.
     0 | D        | Reached XP level 1. HP: 18/18 MP: 1/1
    10 | D        | Reached skill level 4 in Fighting
   114 | D        | Noticed an iguana
   114 | D        | Noticed a worker ant
   114 | D        | Noticed a crimson imp
   121 | D        | Killed an iguana
   121 | D        | Reached skill level 5 in Fighting
   121 | D        | Reached XP level 2. HP: 24/28 MP: 2/2
   121 | D        | Reached XP level 3. HP: 29/34 MP: 3/3
   123 | D        | Reached skill level 6 in Fighting
   123 | D        | Reached skill level 5 in Long Blades
   128 | D        | Reached XP level 4. HP: 22/41 MP: 4/4
   162 | D        | Found a roughly hewn altar of Beogh.
   162 | D        | Found a snail-covered altar of Cheibriados.
   162 | D        | Found a shadowy altar of Dithmenos.
   162 | D        | Found a white marble altar of Elyvilon.
   162 | D        | Found a blossoming altar of Fedhas.
   162 | D        | Found an opulent altar of Gozag.
   163 | D        | Found a hazy altar of Hepliaklqana.
   164 | D        | Found a viscous altar of Jiyva.
   165 | D        | Found an ancient bone altar of Kikubaaqudgha.
   166 | D        | Became a worshipper of Cheibriados the Contemplative
   190 | D        | Reached skill level 7 in Fighting
   190 | D        | Reached XP level 5. HP: 22/48 MP: 5/5
   195 | D        | Found a corrupted altar of Lugonu.
   196 | D        | Found a burning altar of Makhleb.
   197 | D        | Found a sparkling altar of Nemelex Xobeh.
   198 | D        | Found an iron altar of Okawaru.
   199 | D        | Found a stormy altar of Qazlal.
   200 | D        | Found a sacrificial altar of Ru.
   201 | D        | Found a deep blue altar of Sif Muna.
   202 | D        | Found a bloodstained altar of Trog.
   203 | D        | Found a hide-covered altar of Uskayaw.
   204 | D        | Found a radiant altar of Vehumet.
   205 | D        | Found an ornate altar of the Wu Jian Council.
   206 | D        | Found a shimmering altar of Xom.
   207 | D        | Found a basalt altar of Yredelemnul.
   208 | D        | Found a glowing silver altar of Zin.
   209 | D        | Found a glowing golden altar of the Shining One.
   226 | D        | Got the +2 scimitar of the Many Places {slice, Dex+7}
   340 | D        | Noticed an orc warrior
   340 | D        | Noticed a bullfrog
   347 | D        | Killed an orc warrior
   347 | D        | Reached * piety under Cheibriados
   347 | D        | Reached skill level 8 in Fighting
   347 | D        | Reached skill level 5 in Invocations
   347 | D        | Reached XP level 6. HP: 25/57 MP: 5/10
   350 | D        | Reached ** piety under Cheibriados
   354 | D        | Reached skill level 9 in Fighting
   355 | D        | Reached *** piety under Cheibriados
   358 | D        | Reached XP level 7. HP: 19/64 MP: 6/13
   698 | D        | Noticed a red ugly thing
   698 | D        | Noticed a centaur warrior
   698 | D        | Noticed a centaur warrior
   698 | D        | Noticed a deep elf mage
   706 | D        | Mangled by a red ugly thing

Skill      XL: |  1  2  3  4  5  6 |
---------------+-------------------+-----
Fighting       | 5 6 7 8 9 |  9.5
Long Blades    | 4 5 6 7 8 |  8.4
Invocations    | 5 8 |  8.8
Armour         | |  3.2
Shields        | |  3.6

Action                   |  1- 3 |  4- 6 |  7- 9 || total
-------------------------+-------+-------+-------++-------
Melee: Long sword        |    29 |    27 |       ||    56
       Scimitar          |       |    17 |     7 ||    24
  Use: Potion            |       |       |     1 ||     1
 Stab: Invisible         |       |       |     2 ||     2
       Sleeping          |       |       |     1 ||     1
Armor: Scale mail        |     8 |     9 |       ||    17
       Ring mail         |       |     1 |     1 ||     2
Dodge: Dodged            |     5 |    10 |     2 ||    17
Block: Shield            |     9 |    13 |     1 ||    23
       Rpst.: Long sword |     2 |     1 |       ||     3
       Scimitar          |       |     2 |       ||     2
